 Dungeon Crawl Stone Soup version 0.31-a0-233-g139696dc86 (webtiles) character file.

Game seed: 1923955617028054402

22618 Shard1697 the Carver (level 13, -4/99 HPs)
             Began as a Djinni Reaver on July 8, 2023.
             Was a Priest of Ashenzari.
             Slain by Jorgrun
             ... wielding a +0 heavy quarterstaff
              (8 damage)
             ... while petrified by Jorgrun
             ... on level 1 of the Orcish Mines.
             The game lasted 00:24:32 (13558 turns).

Shard1697 the Carver (Djinni Reaver)               Turns: 13558, Time: 00:24:32

Health: -4/99      AC: 10    Str: 11    XL:     13   Next: 28%
Gold:   1559       EV: -1    Int: 18    God:    Ashenzari [***...] SH:  0 Dex: 14

rFire   + + .        a - +6 triple sword (flame)
rCold   x . .        (shield currently unavailable)
rNeg    + + +        u - +0 ring mail of Star-Bound Wisdom {Rampage +Blink rN+ Will+, Bglg, Elem} (curse)
rPois   ∞            (no helmet)
rElec   .            t - +2 cloak "Ruined Unpleasantness" {Bglg, Fort} (curse)
rCorr   .            (no gloves)
SInv    +            (boots unavailable)
Will    ++...        (no amulet)
Stlth   +            l - ring "Share My Fallacy" {EV+5, Evo, Self} (curse)
HPRegen 0.36/turn    e - ring of Panopticon {EV+5, Comp, Melee} (curse)
MPRegen 0.00/turn

%: clarity, rampage, infuse magic (-5 HP)
@: petrified, grasped by roots, flying, constricted, studying Hexes
A: sickness immunity, fire resistance 2, cold vulnerability 1, float, innate
caster, HP casting, extra vitality 1
a: Renounce Religion, Evoke Blink, Curse Item, Shatter the Chains


You were on level 1 of the Orcish Mines.
You worshipped Ashenzari.
Ashenzari was most pleased with you.
You visited 3 branches of the dungeon, and saw 13 of its levels.
You also visited: Bailey.

You collected 1559 gold pieces.

Inventory:

Hand Weapons
 a - a +6 triple sword of flaming (weapon)
 b - a +3 dagger of freezing
 z - a +1 scimitar of flaming
Armour
 q - a +2 ring mail of poison resistance
 t - the cursed +2 cloak "Ruined Unpleasantness" (worn) {Bglg, Fort}
   (You took it off Crazy Yiuf on level 7 of the Dungeon)

   It has a curse which improves the following skills: Beguiling: Conjurations,
   Hexes and Translocations.
   Fortitude: Armour and Shields.
 u - the cursed +0 ring mail of Star-Bound Wisdom (worn) {Rampage +Blink rN+ Will+, Bglg, Elem}
   (You found it on level 5 of the Dungeon)

   rN:        It protects you from negative energy.
   +Blink:    It lets you blink.
   Rampage:   It bestows one free step when moving towards enemies.
   Will:      It increases your willpower.
   It has a curse which improves the following skills: Beguiling: Conjurations,
   Hexes and Translocations.
   Elements:  Fire Magic, Ice Magic, Air Magic and Earth Magic.
Jewellery
 e - the cursed ring of Panopticon (right hand) {EV+5, Comp, Melee}
   (You found it on level 1 of the Dungeon)

   [ring of evasion]

   EV:        It affects your evasion (+5).
   It has a curse which improves the following skills: Companions: Summonings
   and Necromancy.
   Melee Combat: Short Blades, Long Blades, Axes, Maces & Flails, Polearms,
   Staves and Unarmed Combat.
 l - the cursed ring "Share My Fallacy" (left hand) {EV+5, Evo, Self}
   (You found it on level 8 of the Dungeon)

   [ring of evasion]

   EV:        It affects your evasion (+5).
   It has a curse which improves the following skills: Evocations: Evocations.
   Introspection: Fighting and Spellcasting.
 w - the ring of Nihilism {Wiz rCorr}
   (You found it on level 9 of the Dungeon)

   [ring of wizardry]

   It improves your spell success rate.
   rCorr:     It protects you from acid and corrosion.
 y - a ring of ice
 C - a ring of resist corrosion
Wands
 c - a wand of roots (26)
 d - a wand of mindburst (6)
 r - a wand of flame (29)
 v - a wand of polymorph (13)
Scrolls
 g - 8 scrolls of teleportation
 j - a scroll of fog
 k - a scroll of poison
 x - a scroll of vulnerability
Potions
 f - 3 potions of attraction
 h - a potion of mutation
 i - 2 potions of brilliance
 m - 2 potions of haste
 n - 3 potions of lignification
 o - a potion of invisibility
 p - 2 potions of resistance
 s - a potion of magic
 A - 2 potions of might
Miscellaneous
 B - a lightning rod (4/4)


   Skills:
 - Level 9.6(11.1) Fighting
 * Level 14.0(15.4) Long Blades
 * Level 6.4(7.9) Armour
 - Level 2.1 Dodging
 + Level 8.1(9.7) Spellcasting
 + Level 8.1(10.4) Conjurations
 + Level 8.8(11.1) Hexes
   Level 0.0 Charms
 + Level 8.1(9.7) Summonings
 + Level 8.1(9.7) Necromancy
 + Level 8.1(10.4) Translocations
 + Level 8.1 Transmutations
 + Level 8.1(9.7) Fire Magic
 + Level 8.1(9.7) Ice Magic
 + Level 8.1(9.7) Air Magic
 + Level 8.1(9.7) Earth Magic
 + Level 8.1 Poison Magic
 - Level 2.2(3.4) Evocations


You knew the following spells:

 Your Spells              Type           Power      Damage    Failure   Level
a - Kiss of Death         Conj/Necr      100%       2d13      1%          1
b - Momentum Strike       Conj/Tloc      92%        3d10      1%          2
c - Hailstorm             Conj/Ice       45%        3d10      1%          3
d - Sting                 Tmut/Pois      100%       1d8       1%          1
e - Lesser Beckoning      Tloc           92%        N/A       1%          2
f - Frozen Ramparts       Ice            86%        1d13      1%          3
g - Freezing Cloud        Conj/Ice/Air   22%        6-21      8%          5
h - Lee's Rapid Deconstr  Erth           21%        3d12*     9%          5
t - Wereblood             Tmut           38%        N/A       1%          2
Your spell library was empty.

Dungeon Overview and Level Annotations

Branches:
Dungeon (11/15)            Temple (0/1) D:6            Lair (1/5) D:10
    Orc (1/2) D:9          Bailey (visited)

Altars:
Ashenzari
Cheibriados
Fedhas
Hepliaklqana
Okawaru
Ru
Uskayaw
Xom
Yredelemnul

Shops:
D:3 (

Annotations:
D:4 3 runed translucent doors, AwFulAwFulPlayer's ghost, amateur OpMo; Zonian's ghost, amateur DENe
Lair:1 1 runed translucent door, Iniera's ghost, journeyman TeGl
Orc:1 Jorgrun; Nergalle


Innate Abilities, Weirdness & Mutations

You are immune to sickness and miasma.
You are immune to poison.
Your flesh is very heat resistant. (rF++)
You are vulnerable to cold. (rC-)
You float through the air rather than walking.
You learn spells naturally, not from books.
Your magical power is your life essence.
You have superior vitality. (+4 MHP)


Message History

Jorgrun is engulfed in freezing vapours.
Jorgrun points at you and mumbles some strange words.
You resist with almost no effort. The grasping roots constrict you!
Casting: Freezing Cloud (dangerous; 8% risk of failure)
Confirm with . or Enter, or press ? or * to list all spells.
Aiming: Freezing Cloud (dangerous; 8% risk of failure)
Press: ? - help, Dir - move target That beam is likely to hit you.
Continue anyway?
The two-headed ogre is engulfed in freezing vapours.
The ogre is engulfed in freezing vapours.
Jorgrun is engulfed in freezing vapours.
Jorgrun points at you and mumbles some strange words.
You are slowing down.
The grasping roots constrict you!
Okay, then.
You escape the roots grasp.
Your limbs are stiffening.
There is a staircase back to the Dungeon here.
You have turned to stone.
You stop ascending the stairs.
The two-headed ogre hits you with a +0 giant club!
The two-headed ogre hits you with a +0 giant club.
Some rock shatters into small pieces.
The two-headed ogre hits you with a +0 giant club!!
The two-headed ogre hits you with a +0 giant club!
The ogre hits you with a +0 giant club!!
* * * LOW HITPOINT WARNING * * *
Nergalle blows her nose.
The two-headed ogre hits you with a +0 giant club!
* * * LOW HITPOINT WARNING * * *
The two-headed ogre hits you with a +0 giant club!
* * * LOW HITPOINT WARNING * * *
Jorgrun gestures at you while chanting.
Roots burst forth from the earth!
The grasping roots grab you! The grasping roots constrict you!
* * * LOW HITPOINT WARNING * * *
The ogre hits you with a +0 giant club!
* * * LOW HITPOINT WARNING * * *
Jorgrun says, "Tha earth be me home, an' ye be trespassing!"
Jorgrun hits you with a +0 heavy quarterstaff!
You die...

*# *.# * .#
.# ###.#*
##..# * ##*
#@O.# .#.#
##gO##
,....###.o§.#
...#.#$..°##
,#.>....##
$.##......#
.........## ,
.........#**
.#......... *


You could see Jorgrun, Nergalle, a two-headed ogre and an ogre.

Vanquished Creatures
  Erica (D:9)
  A boulder beetle (D:11)
  4 two-headed ogres
  A death yak (Lair:1)
  Sonja (D:10)
  Lodul (D:10)
  An elephant (D:10)
  Joseph (Lair:1)
  2 gargoyles
  3 cane toads (Lair:1)
  An unseen horror (D:10)
  A torpor snail (Lair:1)
  2 komodo dragons (Lair:1)
  5 trolls
  3 blink frogs (Lair:1)
  3 shadows
  A vampire (Bailey)
  2 basilisks
  31 yaks
  4 vampire mosquitoes (D:10)
  Grum (D:9)
  2 steam dragons
  A warg (Orc:1)
  7 water moccasins
  An acid dragon (D:8)
  2 orc warriors
  3 black bears
  13 ogres
  4 centaurs
  4 wolves
  A phantom (D:5)
  4 kobold brigands
  6 bullfrogs
  A scorpion (D:5)
  13 wights
  2 troll zombies (D:9)
  An oklob sapling (D:6)
  A killer bee (D:8)
  7 vampire bats (Bailey)
  2 howler monkeys
  9 wolf zombies (Bailey)
  A jelly (D:6)
  5 hounds
  5 orc priests
  Crazy Yiuf (D:7)
  5 iguanas
  2 sleepcaps
  8 orc wizards
  6 ogre zombies (D:9)
  5 adders
  A shadow imp (D:7)
  A white imp (D:8)
  2 ufetubi (D:6)
  A worm (D:3)
  4 dart slugs
  12 orcs
  7 ball pythons
  2 endoplasms
  A giant cockroach (D:2)
  12 goblins
  7 hobgoblins
  2 jackals (D:1)
  10 kobolds
  3 quokkas
  4 bats (D:1)
  A frilled lizard (D:2)
  A goblin skeleton (D:9)
  2 goblin zombies (D:9)
  2 hobgoblin skeletons (D:9)
  2 hobgoblin zombies (D:9)
  An orc skeleton (D:9)
  34 orc zombies
  5 rats
309 creatures vanquished.

Notes
Turn   | Place    | Note
-------+----------+-------------------------------------------
     0 | D:1      | Shard1697 the Djinni Reaver began the quest for the Orb.
     0 | D:1      | Shard1697 set off with the following spells memorised: Kiss
                  | of Death, Momentum Strike, Hailstorm.
     0 | D:1      | Reached XP level 1. HP: 18/18 MP: 0/0
    55 | D:1      | Reached XP level 2. HP: 19/23 MP: 0/0
   185 | D:1      | Reached skill level 3 in Long Blades
   442 | D:1      | Reached XP level 3. HP: 24/29 MP: 0/0
   442 | D:1      | Learned a level 1 spell: Sting
  1005 | D:2      | Found a faded altar of an unknown god.
  1077 | D:2      | You are sucked into a shaft and drop 2 floors!
  1112 | D:4      | Reached XP level 4. HP: 31/34 MP: 0/0
  1404 | D:3      | Found Tiaracum's Weapon Boutique.
  1490 | D:3      | Found a broken altar of Ashenzari.
  1541 | D:3      | Became a worshipper of Ashenzari the Shackled
  1718 | D:3      | Reached XP level 5. HP: 18/40 MP: 0/0
  1718 | D:3      | Learned a level 2 spell: Wereblood
  1842 | D:3      | Found an iron altar of Okawaru.
  2429 | D:4      | Noticed a water moccasin
  2434 | D:4      | Killed a water moccasin
  2435 | D:4      | Reached skill level 4 in Long Blades
  2435 | D:4      | Reached XP level 6. HP: 33/47 MP: 0/0
  2667 | D:4      | Found a runed translucent gate.
  2667 | D:4      | Found a runed translucent gate.
  2672 | D:4      | Found a runed translucent gate.
  2676 | D:4      | Noticed AwFulAwFulPlayer's ghost (amateur OpMo)
  2676 | D:4      | Noticed Zonian's ghost (amateur DENe)
  2831 | D:5      | Entered Level 5 of the Dungeon
  2834 | D:5      | Noticed an ogre
  2899 | D:5      | Noticed an ogre
  2917 | D:5      | Killed an ogre
  2928 | D:5      | Identified the +0 ring mail of Isuklikh {Rampage +Blink rN+
                  | Will+}
  3007 | D:5      | Found a sacrificial altar of Ru.
  3117 | D:5      | Killed an ogre
  3118 | D:5      | Reached XP level 7. HP: 32/51 MP: 0/0
  3118 | D:5      | Learned a level 2 spell: Lesser Beckoning
  3420 | D:5      | Reached skill level 5 in Fighting
  3420 | D:5      | Reached skill level 5 in Long Blades
  3437 | D:5      | Identified a scroll of acquirement
  3437 | D:5      | Acquired a +5 triple sword of holy wrath
  3905 | D:6      | Reached XP level 8. HP: 44/59 MP: 0/0
  4058 | D:6      | Reached * piety under Ashenzari
  4121 | D:6      | Noticed a troll
  4126 | D:6      | Killed a troll
  4127 | D:6      | Reached skill level 6 in Long Blades
  4585 | D:6      | Found a shimmering altar of Xom.
  4622 | D:6      | Reached XP level 9. HP: 67/67 MP: 0/0
  4622 | D:6      | Learned a level 3 spell: Frozen Ramparts
  4636 | D:6      | Reached ** piety under Ashenzari
  5220 | D:6      | Found a staircase to the Ecumenical Temple.
  5237 | D:6      | Reached skill level 7 in Long Blades
  5350 | D:7      | Reached skill level 5 in Spellcasting
  5350 | D:7      | Reached skill level 5 in Conjurations
  5350 | D:7      | Reached skill level 5 in Hexes
  5350 | D:7      | Reached skill level 5 in Summonings
  5350 | D:7      | Reached skill level 5 in Necromancy
  5350 | D:7      | Reached skill level 5 in Translocations
  5350 | D:7      | Reached skill level 5 in Transmutations
  5350 | D:7      | Reached skill level 5 in Fire Magic
  5350 | D:7      | Reached skill level 5 in Ice Magic
  5350 | D:7      | Reached skill level 5 in Air Magic
  5350 | D:7      | Reached skill level 5 in Earth Magic
  5350 | D:7      | Reached skill level 5 in Poison Magic
  5384 | D:7      | Found a flagged portal.
  5470 | Bailey   | Entered a bailey
  5913 | Bailey   | Reached skill level 8 in Long Blades
  6038 | Bailey   | Identified the +0 leather armour of Curiosity {rN++ Slay-5
                  | Stlth+}
  6211 | Bailey   | Noticed a gargoyle
  6216 | Bailey   | Killed a gargoyle
  6217 | Bailey   | Reached XP level 10. HP: 77/77 MP: 0/0
  6607 | D:7      | Found a snail-covered altar of Cheibriados.
  6644 | D:7      | Reached skill level 9 in Long Blades
  7090 | D:7      | Found a runed translucent door.
  7091 | D:7      | Noticed Crazy Yiuf
  7189 | D:7      | Killed Crazy Yiuf
  7586 | D:8      | Found a blossoming altar of Fedhas.
  7793 | D:9      | Identified the ring of Nihilism {Wiz rCorr}
  7961 | D:8      | Reached skill level 10 in Long Blades
  8062 | D:9      | Noticed Grum
  8295 | D:8      | Reached XP level 11. HP: 70/82 MP: 0/0
  8295 | D:8      | Learned a level 5 spell: Freezing Cloud
  8892 | D:9      | Reached skill level 11 in Long Blades
  8904 | D:9      | Killed Grum
  8985 | D:9      | Noticed Erica
  8995 | D:9      | Killed Erica
  9079 | D:9      | Noticed a +0 dagger
  9079 | D:9      | Noticed a +0 hand axe
  9083 | D:9      | Found a hide-covered altar of Uskayaw.
  9220 | D:9      | Reached skill level 1 in Evocations
  9386 | D:9      | Noticed a two-headed ogre
  9421 | D:9      | Killed a two-headed ogre
  9625 | D:9      | Found a basalt altar of Yredelemnul.
  9683 | D:9      | Found a staircase to the Orcish Mines.
  9806 | D:10     | Entered Level 10 of the Dungeon
  9814 | D:10     | Noticed a two-headed ogre
  9827 | D:10     | Killed a two-headed ogre
  9828 | D:10     | Reached skill level 12 in Long Blades
  9828 | D:10     | Reached XP level 12. HP: 49/93 MP: 0/0
 10035 | D:10     | Reached *** piety under Ashenzari
 10055 | D:10     | Acquired a manual of Hexes
 10151 | D:10     | Found a hazy altar of Hepliaklqana.
 10345 | D:10     | Found a staircase to the Lair.
 10523 | D:10     | Reached skill level 1 in Armour
 10702 | D:10     | Noticed Sonja
 10708 | D:10     | Killed Sonja
 11001 | D:10     | Noticed Lodul
 11010 | D:10     | Reached skill level 13 in Long Blades
 11016 | D:10     | Killed Lodul
 11186 | D:10     | Noticed a two-headed ogre
 11193 | D:10     | Killed a two-headed ogre
 11333 | D:11     | Noticed a boulder beetle
 11356 | D:11     | Killed a boulder beetle
 11585 | D:11     | Noticed a two-headed ogre
 11590 | D:11     | Killed a two-headed ogre
 12378 | Lair:1   | Entered Level 1 of the Lair of Beasts
 12556 | Lair:1   | Noticed a death yak
 12563 | Lair:1   | Reached XP level 13. HP: 72/99 MP: 0/0
 12563 | Lair:1   | Learned a level 5 spell: Lee's Rapid Deconstruction
 12575 | Lair:1   | Reached skill level 5 in Armour
 12981 | Lair:1   | Found a runed translucent door.
 12982 | Lair:1   | Noticed Iniera's ghost (journeyman TeGl)
 13079 | Lair:1   | Noticed Joseph
 13088 | Lair:1   | Killed Joseph
 13299 | Lair:1   | Reached skill level 14 in Long Blades
 13537 | Orc:1    | Entered Level 1 of the Orcish Mines
 13542 | Orc:1    | Noticed Jorgrun
 13543 | Orc:1    | Noticed Nergalle
 13558 | Orc:1    | HP: 4/99 [ogre/+0 giant club (7)]
 13558 | Orc:1    | Slain by Jorgrun

Illustrated notes

Levels and vault maps discovered:
D:1:      tarquinn_simple_flora_water_d, layout_basic
D:2:      layout_loops_ring, hellmonk_ecumenical_altar_prayer_group
D:3:      layout_loops_ring, kennysheep_okawaru_gauntlet,
          mainiacjoe_overflow_paths, lemuel_round_altar, serial_shops,
          nicolae_shop_behind_doors
D:4:      layout_loops_ring, led_sif_pool, gammafunk_ghost_cemetery
D:5:      layout_loops_cross, nicolae_ru_path_of_blood, corexii_shack
D:6:      minmay_diamond_boxcup, layout_basic, xom_teletrap_fun,
          minmay_temple_entry_oklob, minmay_misc_feat_iff
D:7:      layout_basic, mainiacjoe_overflow_cross_hatched, enter_bailey_5,
          minmay_misc_feat_diagonals, nicolae_figureground_sparkle,
          uniq_crazy_yiuf_cottage
D:8:      minmay_polygon_palace, layout_rooms, lemuel_doored_altar,
          serial_rivers, chequers_serial_rivers_large_b,
          chequers_serial_rivers_small_3, chequers_serial_rivers_small_b,
          chequers_serial_rivers_small_3, hangedman_decor_push
D:9:      layout_cave_pools, dancing_weapons_uskayaw, old_standard_altar,
          zombieorc2_lemuel, uniq_grum, uniq_erica
D:10:     layout_irregular_city, nicolae_overflow_hidden_temple,
          david_lair_generic, grunt_ministairs_4, uniq_sonja, uniq_lodul
D:11:     layout_cave_pods, serial_column_ruins, column_ruins_columns_straight,
          column_ruins_columns_corner, column_ruins_open_tiny,
          column_ruins_open_medium, column_ruins_open_medium
Lair:1:   layout_roguey, serial_forest, infiniplex_forest_lined_room_,
          infiniplex_forest_clump_medium, infiniplex_forest_straight_4,
          infiniplex_forest_side_room, infiniplex_forest_clump_small,
          infiniplex_forest_straight_3, gammafunk_ghost_grave,
          grunt_megastairs_4, lemuel_fruit_fields, uniq_joseph
Orc:1:    layout_caves, uniq_josephine, uniq_nergalle, uniq_jorgrun

Skill      XL: |  1  2  3  4  5  6  7  8  9 10 11 12 13 |
---------------+----------------------------------------+-----
Long Blades    | 3 4 5 6 8 10 12 13 14 | 14.0
Spellcasting   | 3 4 5 6 7 8 |  8.1
Conjurations   | 3 4 5 6 7 8 |  8.1
Hexes          | 3 4 5 6 7 8 |  8.8
Summonings     | 3 4 5 6 7 8 |  8.1
Necromancy     | 3 4 5 6 7 8 |  8.1
Translocations | 3 4 5 6 7 8 |  8.1
Transmutations | 3 4 5 6 7 8 |  8.1
Fire Magic     | 3 4 5 6 7 8 |  8.1
Ice Magic      | 3 4 5 6 7 8 |  8.1
Air Magic      | 3 4 5 6 7 8 |  8.1
Earth Magic    | 3 4 5 6 7 8 |  8.1
Poison Magic   | 3 4 5 6 7 8 |  8.1
Fighting       | 3 4 5 6 7 8 9 |  9.6
Evocations     | 2 |  2.2
Armour         | 4 6 |  6.4
Dodging        | |  2.1

Action                     |  1- 3 |  4- 6 |  7- 9 | 10-12 | 13-15 || total
---------------------------+-------+-------+-------+-------+-------++-------
  Melee: Falchion          |    95 |   107 |    62 |       |       ||   264
         Punch             |     1 |       |     1 |       |       ||     2
         Triple sword      |       |       |   183 |   441 |    35 ||   659
   Cast: Kiss of Death     |       |     4 |       |       |       ||     4
         Momentum Strike   |       |     2 |     3 |       |       ||     5
         Sting             |       |     3 |     6 |       |       ||     9
         Wereblood         |       |       |     1 |     3 |       ||     4
         Freezing Cloud    |       |       |       |    15 |     9 ||    24
 Invoke: Curse Item        |       |       |     3 |     2 |       ||     5
         Shatter the Chain |       |       |       |     1 |       ||     1
    Use: Scroll            |       |       |    10 |     4 |     1 ||    15
         Potion            |       |       |     2 |     6 |       ||     8
 Armour: Leather armour    |    35 |    12 |       |       |       ||    47
         Ring mail         |       |       |    66 |    75 |     5 ||   146
  Dodge: Dodged            |    55 |    77 |   263 |   481 |    20 ||   896

Table legend: (Time is in decaauts)
 A = Elapsed time spent in this place.
 B = Non-inter-level travel time spent in this place.
 C = Inter-level travel time spent in this place.
 D = Time resting spent in this place.
 E = Time spent auto-exploring this place.
 F = Levels seen in this place.
 G = Mean time per level.
                   A        B        C        D        E       F      G
               +--------+--------+--------+--------+--------+-----+--------+
         Total |  13753 |  13256 |    497 |   2197 |   8452 |  14 |  982.4 |
       Dungeon |  11815 |  11351 |    464 |   1582 |   7613 |  11 | 1074.1 |
          Lair |   1116 |   1084 |     32 |    228 |    719 |   1 | 1116.0 |
  Orcish Mines |     21 |     21 |      0 |      0 |      2 |   1 |   21.0 |
        Bailey |    800 |    800 |      0 |    387 |    118 |   1 |  800.0 |
               +--------+--------+--------+--------+--------+-----+--------+

Top non-repeatable levels by time:
    D:10: 1546 daAuts
     D:6: 1466 daAuts
     D:8: 1457 daAuts
     D:7: 1321 daAuts
  Lair:1: 1116 daAuts
    D:11: 1057 daAuts
     D:9: 1044 daAuts
     D:5: 1043 daAuts
     D:3: 1002 daAuts
     D:1: 957 daAuts
  Bailey: 800 daAuts
     D:4: 788 daAuts
     D:2: 132 daAuts
   Orc:1: 21 daAuts
